Map: Disco Bloodbath LE

Players

MaNa

  • Race: Protoss Protoss
  • Spawn Location: 3:00

Zanster - Winner!

  • Race: Zerg Zerg
  • Spawn Location: 9:00

VOD

Have the link to the VOD?

Description

Time

  • Played on: Sept. 6, 2019, 3:54 p.m.
  • Length: 10:33
Show
View Real Time Build Order
Export as new Build Order

MaNa Protoss 

Build Orders: 1 Gate Expand, Oracle Opening 

Get SALT Encoding   

  12  0:00  Probe  
  13  0:12  Probe  
  14  0:20  Pylon  
  14  0:24  Probe  
  15  0:34  Probe  
  15  0:38  Assimilator  
  15  0:42  Probe  
  16  0:47  Gateway  
  17  0:52  Probe  
  18  1:00  Probe  
  18  1:08  Probe  
  20  1:24  Nexus  
  20  1:33  Cybernetics Core  
  20  1:36  Probe  
  21  1:45  Assimilator  
  21  1:48  Probe  
  21  1:53  Pylon  
  22  2:00  Probe  
  23  2:08  Probe  
  23  2:11  Adept  
  23  2:15  Stargate  
  26  2:16  Probe  
  27  2:27  Warp Gate, Probe  
  28  2:36  Probe  
  29  2:39  Probe  
  29  2:41  Adept  
  31  2:48  Oracle, Probe  
  32  2:51  Probe  
  33  3:00  Probe  
  33  3:03  Probe  
  38  3:13  Probe  
  38  3:15  Gateway, Probe  
  40  3:20  Gateway  
  40  3:25  Oracle, Probe  
  44  3:27  Probe  
  45  3:37  Probe  
  45  3:39  Pylon  
  45  3:41  Pylon  
  46  3:43  Assimilator  
  46  3:45  Assimilator  
  46  3:53  Oracle  
  46  3:56  Pylon  
  46  3:57  Probe x2  
  51  4:09  Probe x2  
  53  4:15  Adept x3  
  59  4:22  Probe  
  60  4:25  Probe  
  61  4:35  Adept x3  
  67  4:42  Probe x2, Robotics Facility  
  67  4:43  Pylon  
  69  4:56  Pylon  
  69  5:01  Sentry  
  69  5:02  Sentry x2  
  69  5:05  Forge, Probe x2  
  77  5:07  Gateway  
  77  5:17  Probe  
  78  5:23  Immortal  
  78  5:24  Nexus  
  78  5:27  Pylon  
  78  5:29  Pylon  
  78  5:30  Protoss Ground Weapons Level 1  
  82  5:41  Probe x2  
  84  5:42  Sentry  
  86  5:52  Immortal  
  86  5:57  Probe  
  86  6:04  Probe  
  92  6:05  Twilight Council  
  92  6:09  Probe  
  93  6:12  Zealot  
  93  6:14  Zealot x2  
  93  6:15  Shield Battery  
  93  6:16  Probe  
  100  6:26  Shield Battery  
  100  6:27  Immortal  
  100  6:30  Pylon  
  100  6:32  Pylon  
  100  6:37  Blink  
  104  6:45  Probe  
  104  6:46  Probe  
  106  6:47  Gateway, Probe  
  107  7:00  Zealot  
  109  7:02  Shield Battery, Photon Cannon  
  109  7:03  Probe x2  
  109  7:07  Stalker  
  113  7:11  Sentry  
  115  7:20  Immortal  
  101  7:24  Stalker  
  101  7:25  Stalker  
  93  7:32  Zealot  
  93  7:35  Stalker  
  93  7:42  Robotics Facility, Stalker  
  83  7:48  Zealot x2  
  77  7:51  Immortal  
  70  8:02  Zealot x2  
  74  8:10  Zealot x3  
  78  8:17  Void Ray  
  78  8:22  Zealot  
  78  8:23  Zealot  
  78  8:26  Gateway  
  72  8:28  Gateway  
  72  8:32  Zealot x3  
  74  8:43  Immortal  
  74  8:44  Zealot x2  
  65  9:00  Immortal  
  69  9:04  Zealot  
  66  9:14  Zealot  
  50  9:27  Zealot  
  45  9:46  Zealot x2  
  44  9:54  Zealot  
  40  10:06  Zealot  
  40  10:08  Zealot  
  39  10:17  Probe  
  35  10:21  Zealot  
  35  10:28  Zealot  
Show
View Real Time Build Order
Export as new Build Order

Zanster Zerg - Winner!

Build Orders: Hatch First 

Get SALT Encoding   

  12  0:00  Drone  
  13  0:12  Overlord  
  13  0:16  Drone  
  14  0:31  Drone x2  
  16  0:48  Hatchery  
  15  0:51  Drone  
  15  0:54  Drone  
  17  0:58  Drone  
  18  1:08  Extractor  
  17  1:13  Spawning Pool  
  17  1:15  Drone  
  17  1:19  Drone  
  18  1:28  Drone  
  19  1:38  Drone  
  20  1:49  Drone  
  21  2:00  Queen  
  21  2:01  Overlord  
  23  2:03  Queen  
  23  2:05  Zergling x2  
  26  2:08  Metabolic Boost  
  26  2:11  Zergling x2  
  26  2:13  Drone  
  28  2:23  Drone x2  
  30  2:32  Drone  
  30  2:33  Drone  
  32  2:40  Hatchery  
  31  2:44  Queen  
  31  2:47  Drone  
  31  2:50  Overlord  
  34  2:54  Drone  
  34  2:55  Drone  
  36  3:07  Overlord  
  36  3:12  Drone, Zergling x2  
  38  3:13  Drone x4  
  38  3:16  Drone  
  43  3:20  Drone  
  43  3:24  Overlord  
  44  3:27  Spore Crawler  
  44  3:30  Queen  
  45  3:35  Spore Crawler  
  45  3:36  Drone  
  45  3:37  Drone  
  46  3:42  Drone x3  
  46  3:43  Drone  
  46  3:47  Drone  
  51  3:54  Drone x5  
  55  4:04  Lair  
  55  4:08  Overlord  
  55  4:10  Extractor  
  55  4:12  Extractor  
  55  4:14  Drone x2  
  55  4:15  Drone  
  58  4:18  Drone  
  58  4:20  Drone  
  58  4:23  Spore Crawler  
  59  4:26  Drone x4  
  59  4:27  Drone  
  59  4:29  Drone  
  61  4:31  Roach Warren  
  61  4:36  Evolution Chamber, Overlord  
  61  4:38  Drone x2  
  60  4:43  Extractor  
  60  4:44  Drone x3  
  60  4:45  Drone  
  64  4:49  Overlord  
  64  4:51  Zergling x4  
  67  4:52  Zergling x2  
  67  4:59  Zergling x8  
  71  5:04  Spore Crawler  
  71  5:05  Zergling x2  
  71  5:06  Zergling x2  
  72  5:07  Zergling x2  
  72  5:11  Overlord  
  68  5:28  Glial Reconstitution  
  68  5:29  Zerg Missile Weapons Level 1  
  68  5:32  Overlord  
  68  5:35  Roach x7  
  81  5:40  Roach  
  81  5:41  Roach  
  80  5:52  Roach x4  
  87  6:01  Roach x3  
  93  6:08  Roach x3  
  99  6:14  Roach x2  
  99  6:16  Overlord  
  103  6:22  Ravager x2  
  103  6:24  Overlord  
  102  6:34  Roach x2  
  102  6:35  Zergling x4, Roach  
  102  6:39  Zergling x4, Roach  
  114  6:42  Overlord x2  
  114  6:50  Zergling x2, Roach x2  
  114  6:51  Zergling x4  
  121  6:56  Zergling x2  
  121  6:58  Overlord  
  122  7:01  Zergling x2, Roach  
  122  7:02  Zergling x4  
  118  7:21  Zergling x2, Roach x3  
  118  7:22  Zergling x2  
  97  7:31  Roach x2  
  97  7:32  Zergling x12  
  96  7:39  Zergling x6, Roach  
  92  7:47  Roach  
  92  7:48  Zergling x6  
  92  7:51  Zergling x2, Roach  
  93  7:56  Zergling x6  
  94  7:58  Roach  
  95  8:09  Zergling x2  
  95  8:10  Zergling x2, Roach  
  94  8:16  Zergling x2, Roach  
  94  8:17  Zergling x8  
  93  8:22  Zergling x6, Roach  
  93  8:25  Zergling x2  
  93  8:29  Zergling x2, Roach  
  95  8:35  Zergling x2, Roach  
  92  8:43  Zergling x8, Roach  
  96  8:52  Zergling x6, Roach  
  99  9:02  Zergling x2, Roach  
  102  9:03  Zergling x6  
  95  9:13  Zergling x2, Roach  
  95  9:14  Zergling x8  
  95  9:17  Drone x2  
  91  9:28  Zergling x10, Roach  
  94  9:31  Roach  
  86  9:47  Zergling x16, Roach  
  86  9:52  Zergling x4, Roach  
  95  10:01  Zergling x6, Roach  
  89  10:11  Zergling x4, Roach  
  89  10:14  Roach x2  
Tags
 
Add a new tag
Caveats
  • Supply blocks, unpowered buildings, or Contaminate may cause inaccurate times.
  • Supply counts are checked every 10 seconds.